 Dungeon Crawl Stone Soup version 0.31-b1-22-gc680215f68 (webtiles) character file.

Game seed: 14859176002222690223

2678 hawla the Gouger (level 9, -9/38 (41) HPs)
             Began as a Felid Shapeshifter on Jan 18, 2024.
             Was a Follower of Makhleb.
             Mangled by a wight
             ... wielding a +0 spear
              (11 damage)
             ... on level 7 of the Dungeon.
             The game lasted 00:19:36 (5845 turns).

hawla the Gouger (Felid Shapeshifter)               Turns: 5845, Time: 00:19:37

HP:   -9/38 (41)    AC:  2    Str: 21    XL:     9   Next: 37%
MP:   10/10         EV: 23    Int: 13    God:    Makhleb [*.....]
Gold: 39            SH:  0    Dex: 17    Spells: 8/8 levels left
                                        Lives: 0   Deaths: 3

rFire   + .          .
                       - Unarmed
rCold   . . .        (shield unavailable)
rNeg    . . .        (body armour unavailable)
rPois   .            (helmet unavailable)
rElec   .            (cloak unavailable)
rCorr   +            (gloves unavailable)
SInv    +            (boots unavailable)
Will    ++...        t - amulet of magic regeneration
Stlth   +            f - ring of protection from fire
HPRegen 0.26/turn    n - ring of protection from fire
MPRegen 0.52/turn

%: no passive effects
@: flux-form, enlightened, flying, glowing, drained
A: glow, contaminating, very small, claws 1, fangs 3, see invisible, shaggy fur
2, stealthy paws, no weapons or thrown items, no armour, multi-lived
a: Begin Untransformation, Renounce Religion


You were on level 7 of the Dungeon.
You worshipped Makhleb.
Makhleb was aware of your devotion.
You were something dangerously unstable.
You visited 2 branches of the dungeon, and saw 8 of its levels.

You collected 295 gold pieces.
You spent 256 gold pieces at shops.

Inventory:

Jewellery
 f - a ring of protection from fire (left paw)
 i - a ring of ice
 n - a ring of protection from fire (right paw)
 q - a +6 ring of dexterity
 t - an amulet of magic regeneration (around neck)
Talismans
 b - a beast talisman
 c - a flux talisman
 h - the flux talisman of Fedhas's Indignation (active) {rF- rCorr Str+7}
   (You found it on level 4 of the Dungeon)

   [flux talisman]

   Str+7:     It affects your strength (+7).
   rF-:       It makes you vulnerable to fire.
   rCorr:     It protects you from acid and corrosion.
 s - a serpent talisman
Wands
 g - a wand of paralysis (6)
 j - a wand of polymorph (14)
 o - a wand of flame (11) (quivered)
Scrolls
 a - a scroll of fear
 l - 2 scrolls of poison
 p - a scroll of vulnerability
 u - a scroll of enchant armour {unknown}
 w - a scroll of identify
 y - a scroll of butterflies {unknown}
Potions
 d - 2 potions of magic
 e - 5 potions of attraction
 m - a potion of resistance


   Skills:
 - Level 1.0 Fighting
 - Level 5.0 Dodging
 + Level 9.9 Unarmed Combat
 - Level 3.0 Evocations
 - Level 7.0 Shapeshifting


You had 8 spell levels left.
You didn't know any spells.
Your spell library was empty.

Dungeon Overview and Level Annotations

Branches:
Dungeon (7/15)             Temple (1/1) D:4

Altars:
Ashenzari
Cheibriados
Dithmenos
Elyvilon
Hepliaklqana
Kikubaaqudgha
Makhleb
Okawaru
Qazlal
Ru
Sif Muna
Trog
Wu Jian
Xom
Yredelemnul
Zin

Shops:
D:6 *

Annotations:
D:3 2 transporters, Fractals's ghost, amateur HuIE
D:7 Maggie


Innate Abilities, Weirdness & Mutations

You are something dangerously unstable.
You glow with magical radiation, making you easy to see and hit.
Foes you strike become dangerously contaminated with magical radiation.
You have sharp claws.
You have razor-sharp teeth.
You have supernaturally acute eyesight. (SInv)
You are covered in thick fur. (AC +2)
Your paws help you pounce on unaware monsters.
You are incapable of wielding weapons or throwing items.
You cannot wear armour.
You gain extra lives every three experience levels.


Message History

The centaur shudders as magic cascades through it!!
You kill the centaur!
Makhleb accepts your kill.
You feel better.
No target in view!
A wight comes into view. It is wielding a +0 hand axe.
A wight is nearby!
A wight comes into view. It is wielding a +0 spear.
You scratch the wight.
The wight begins to glow.
The wight is moderately damaged.
You scratch the wight.
The wight glows dangerously bright.
The wight is heavily damaged.
The sentinel's mark upon you fades away.
The wight misses you.
You scratch the wight.
The wight shudders as magic cascades through it.
The wight is severely damaged.
The wight hits you with a +0 hand axe!
You feel drained. The wight completely misses you.
You are too injured to fight recklessly!
The wight attacks as it pursues you! The wight hits you with a +0 hand axe.
You feel drained.
A wight comes into view. It is wielding a +5 dagger.
The wight attacks as it pursues you! The wight completely misses you.
The wight attacks as it pursues you! The wight hits you with a +0 hand axe!
* * * LOW HITPOINT WARNING * * *
You feel drained.
* * * LOW HITPOINT WARNING * * *
It was a potion of enlightenment.
You feel very buoyant.
You fly up into the air.
A wight comes into view. It is wielding a +0 war axe.
A jelly comes into view.
The wight misses you. The wight closely misses you.
As you read the scroll of revelation, it crumbles to dust.
You feel aware of your surroundings.
You sensed 1 altar.
Maggie and a wight come into view.
Maggie is wielding a +1 war axe of flaming and carrying a wand of paralysis.
The wight hits you from afar with a +0 spear!
You die...

,* **,********,,,* *,*,*, ,*
***,########...#### *,*,,, ,*
*,*,############### ***,****
,*****,*,########...#### *,,,,*
***,,,,,,#.......z#.####**,,,,*
,,*,*****#......z.#.@z..,,,,,,*
,**,* *###.....z.#######**,,,,***
,**,* #,.......)z####### *,,,,**,
,**,**#.##......p####### *,,,,**,
,*,,,,*..........#######**,,,,,,,
,*,,*,####..$....##.....,,,,,,,,,
,,,,*,....J......##.....,,,,,,,,,
**,,*,,##.).#.#####.....,,,,*,,,,
,,,,*,,,###.#.#####.....,,,,*,,,,
,,,,,,,,*...#.##########*****,,,,
,,,,*,,,*.###.########## *,,,,
*,*,*,,,*,* #.# *,,,,


You could see Maggie (wandering), a jelly and 5 wights.

Vanquished Creatures
  A two-headed ogre (D:5)
  Prince Ribbit (D:6)
  A wraith (D:5)
  Menkaure (D:6)
  A sky beast (D:6)
  2 centaurs
  An ogre (D:5)
  3 phantoms
  2 bullfrogs (D:6)
  3 scorpions
  3 bombardier beetles
  2 jellies
  2 hounds (D:5)
  2 gnoll boudas (D:5)
  2 orc priests (D:4)
  2 iguanas (D:4)
  An orc wizard (D:5)
  Natasha (thrice) (D:3)
  Robin (D:2)
  11 adders
  14 gnolls
  2 shadow imps
  6 ufetubi
  2 dart slugs (D:5)
  2 ribbon worms
  9 orcs
  6 ball pythons
  4 endoplasms
  A giant cockroach (D:4)
  14 goblins
  11 hobgoblins
  2 quokkas
  A bat (D:1)
  A frilled lizard (D:1)
  7 kobolds
  A rat (D:1)
128 creatures vanquished.

Vanquished Creatures (others)
  A scorpion (D:5)
  A hound (D:5)
  An iguana (D:5)
  A ribbon worm (D:5)
  2 orcs (D:5)
6 creatures vanquished.

Grand Total: 134 creatures vanquished

Notes
Turn   | Place    | Note
-------+----------+-------------------------------------------
     0 | D:1      | hawla the Felid Shapeshifter began the quest for the Orb.
     0 | D:1      | Reached XP level 1. HP: 10/10 MP: 2/2
   256 | D:1      | Reached XP level 2. HP: 14/14 MP: 3/3
   824 | D:2      | Reached XP level 3. HP: 14/18 MP: 4/4
   886 | D:2      | Noticed Robin
   929 | D:2      | Killed Robin
   930 | D:2      | Reached XP level 4. HP: 22/22 MP: 5/5
   930 | D:2      | Gained a life (2 lives remaining)
  1638 | D:3      | Noticed Natasha
  1653 | D:3      | Killed Natasha
  1654 | D:3      | Reached skill level 4 in Unarmed Combat
  1913 | D:3      | Reached XP level 5. HP: 20/25 MP: 6/6
  2116 | D:3      | Noticed Natasha
  2126 | D:3      | Killed Natasha
  2173 | D:3      | Found a transporter.
  2174 | D:3      | Found a transporter.
  2174 | D:3      | Noticed Fractals's ghost (amateur HuIE)
  2311 | D:3      | Noticed Natasha
  2315 | D:3      | Killed Natasha
  2582 | D:4      | HP: 1/25 [iguana (14)]
  2662 | D:4      | Identified the flux talisman of Fedhas's Indignation {rF-
                  | rCorr Str+7}
  2808 | D:4      | Gained mutation: You are covered in thick fur. (AC +2)
                  | [Felid growth]
  2808 | D:4      | Reached XP level 6. HP: 21/30 MP: 7/7
  2811 | D:4      | Reached skill level 1 in Evocations
  2887 | D:4      | HP: 1/30 [orc priest/+2 hand axe of flaming (1)]
  2888 | D:4      | Killed from afar by an orc priest
  2888 | D:4      | Lost a life (1 life remaining)
  2953 | D:4      | Reached skill level 5 in Shapeshifting
  3001 | D:4      | Found a staircase to the Ecumenical Temple.
  3020 | Temple   | Entered the Ecumenical Temple
  3031 | Temple   | Became a worshipper of Makhleb the Destroyer
  3410 | D:5      | Entered Level 5 of the Dungeon
  3454 | D:5      | Found a shimmering altar of Xom.
  3455 | D:5      | Noticed a wraith
  3490 | D:5      | Killed a wraith
  3491 | D:5      | Reached skill level 5 in Unarmed Combat
  3491 | D:5      | Reached XP level 7. HP: 33/33 MP: 8/8
  3491 | D:5      | Gained a life (2 lives remaining)
  3913 | D:5      | Reached * piety under Makhleb
  3919 | D:5      | Found an iron altar of Okawaru.
  4016 | D:5      | Slain by a gnoll
  4016 | D:5      | Lost a life (1 life remaining)
  4029 | D:5      | Noticed a two-headed ogre
  4092 | D:5      | Killed a two-headed ogre
  4093 | D:5      | Reached skill level 7 in Unarmed Combat
  4093 | D:5      | Reached XP level 8. HP: 37/37 MP: 9/9
  4107 | D:5      | Slain by an adder
  4107 | D:5      | Lost a life (0 lives remaining)
  4223 | D:5      | Reached skill level 8 in Unarmed Combat
  5040 | D:6      | Noticed Menkaure
  5053 | D:6      | Killed Menkaure
  5054 | D:6      | Reached skill level 5 in Dodging
  5054 | D:6      | Reached XP level 9. HP: 4/41 MP: 10/10
  5114 | D:6      | Reached ** piety under Makhleb
  5265 | D:6      | Found Vuritz's Assorted Antiques.
  5269 | D:6      | Bought a scroll of identify for 64 gold pieces
  5269 | D:6      | Bought a knobbly steel ring for 160 gold pieces
  5269 | D:6      | Bought a scroll labelled UCARHY EPTUNOO for 32 gold pieces
  5446 | D:6      | Reached skill level 9 in Unarmed Combat
  5571 | D:6      | Noticed Prince Ribbit
  5576 | D:6      | Killed Prince Ribbit
  5845 | D:7      | Noticed Maggie
  5845 | D:7      | Mangled by a wight

Illustrated notes

Levels and vault maps discovered:
D:1:      evilmike_arrival_rings, layout_rooms, minmay_misc_feat_nine_boxes
D:2:      layout_loops_ring, st_stairs_12, uniq_robin
D:3:      layout_basic, gammafunk_ghost_mausoleum, uniq_natasha
D:4:      layout_loops_ring, minmay_temple_entry_steel_oval, st_stairs_14
D:5:      layout_basic, xom_confusion_cloud, okawaru_ov_weapons_minmay,
          minmay_fractal_squares_diagonal_5
D:6:      layout_cave_pods, serial_shops, nicolae_shop_back_alley_shop,
          uniq_prince_ribbit1, uniq_menkaure
D:7:      layout_basic, mainiacjoe_overflow_brackets, uniq_maggie,
          uniq_crazy_yiuf_cottage, uniq_maurice
Temple:   eino_temple_water

Skill      XL: |  1  2  3  4  5  6  7  8  9 |
---------------+----------------------------+-----
Dodging        | 3 5 |  5.0
Shapeshifting  | 3 4 5 7 |  7.0
Unarmed Combat | 4 5 7 8 9 |  9.9
Evocations     | 2 3 |  3.0
Fighting       | |  1.0

Action                     |  1- 3 |  4- 6 |  7- 9 || total
---------------------------+-------+-------+-------++-------
  Melee: Unarmed           |    61 |   193 |   162 ||   416
         Bite              |     4 |    14 |    20 ||    38
         Punch             |     1 |     3 |     1 ||     5
  Evoke: Wand              |       |     1 |    14 ||    15
    Use: Scroll            |     7 |     1 |     7 ||    15
         Potion            |     3 |     7 |     5 ||    15
   Stab: Sleeping          |     1 |       |       ||     1
         Paralysed         |       |       |     3 ||     3
 Armour: Skin              |    40 |    94 |    87 ||   221
  Dodge: Dodged            |    40 |   127 |   175 ||   342
   Form: Flux              |       |       |     3 ||     3
